[Event "XXXII Belgrade Trophy 2018"]
[Site "Belgrade"]
[Date "2018.11.24"]
[Round "1"]
[White "Xilogiannis, Dimitrios"]
[Black "Kadric, Denis"]
[Result "0-1"]
[ECO "B06"]
[WhiteElo "2011"]
[BlackElo "2554"]
[Annotator "RC"]
[PlyCount "124"]
[EventDate "2018.11.24"]
[EventType "swiss"]
[EventCountry "SRB"]
[SourceTitle "playchess.com"]
[Source "ChessBase"]
[SourceQuality "1"]
[TimeControl "40/5400+30:900+30"]

1. d4 g6 2. e4 Bg7 3. Nc3 a6 4. a4 d6 5. Be3 Nf6 6. f3 O-O 7. Qd2 Nc6 8. Bc4 e5 9. Nge2 exd4 10. Nxd4 Ne5 11. Bb3 c5 12. Nde2 Be6 13. Nd5 c4 14. Nxf6+ Bxf6 15. Ba2 d5 16. exd5 Bxd5 17. O-O Bc6 18. a5 Re8 19. Nd4 Qc7 20. Qf2 Bd5 21. Rfd1 Nd7 22. Nf5 Be6 23. Nh6+ Kg7 24. Ng4 Bxb2 25. Bd4+ Bxd4 26. Qxd4+ f6 27. Bxc4 Bxg4 28. fxg4 Ne5 29. Bb3 Rad8 30. Qb4 Re7 31. Rxd8 Qxd8 32. Re1 Nc6 33. Rxe7+ Qxe7 34. Qd2 Qc7 35. g5 fxg5 36. Qxg5 Qxa5 37. Qf4 Qe1+ 38. Qf1 Qxf1+ 39. Kxf1 Nd4 40. Bd5 b6 41. c3 Nb5 42. Bc4 Kf6 43. Kf2 Ke5 44. Ke3 Nc7 45. g3 a5 46. Kd3 Nd5 47. Bb5 Nf6 48. Bc6 Kd6 49. Bf3 Kc5 50. h4 b5 51. g4 Nd7 52. Be2 Ne5+ 53. Kc2 a4 54. g5 Nf7 55. Bd3 Nd6 56. h5 gxh5 57. Bxh7 Kd5 58. Bd3 h4 59. Kb2 h3 60. Bf1 h2 61. Bg2+ Ke5 62. Ka3 Kf5 0-1

[Event "XXXII Belgrade Trophy 2018"]
[Site "Belgrade"]
[Date "2018.11.24"]
[Round "1"]
[White "Stefanovic, Milan"]
[Black "Atakisi, Umut"]
[Result "0-1"]
[ECO "D02"]
[WhiteElo "1957"]
[BlackElo "2398"]
[Annotator "RC"]
[PlyCount "70"]
[EventDate "2018.11.24"]
[EventType "swiss"]
[EventCountry "SRB"]
[SourceTitle "playchess.com"]
[Source "ChessBase"]
[SourceQuality "1"]
[TimeControl "40/5400+30:900+30"]

1. d4 Nf6 2. Nf3 d5 3. Bf4 c5 4. e3 Nc6 5. c3 Qb6 6. Qb3 c4 7. Qc2 Bf5 8. Qc1 h6 9. Nbd2 e6 10. Be2 Be7 11. O-O O-O 12. h3 Rfc8 13. Ne5 Qd8 14. Bh2 b5 15. f4 Bh7 16. g4 Nxe5 17. dxe5 Ne4 18. Nxe4 Bxe4 19. Bf3 Bd3 20. Rf2 b4 21. Bg3 Rab8 22. Be2 bxc3 23. bxc3 Qa5 24. Qd2 Be4 25. Bf3 Bxf3 26. Rxf3 Ba3 27. Be1 Rb2 28. Qd1 Rcb8 29. f5 Bc5 30. a4 Qb6 31. Bd2 Qb3 32. Qe1 Qc2 33. Rf2 Rb1 34. Bc1 Qd3 35. Rxb1 Rxb1 0-1

[Event "XXXII Belgrade Trophy 2018"]
[Site "Belgrade"]
[Date "2018.11.25"]
[Round "2"]
[White "Atakisi, Umut"]
[Black "Graovac, Vidak Balsa"]
[Result "1-0"]
[ECO "E92"]
[WhiteElo "2398"]
[BlackElo "2155"]
[Annotator "ChessBase"]
[PlyCount "65"]
[EventDate "2018.11.24"]
[EventType "swiss"]
[EventCountry "SRB"]
[SourceTitle "playchess.com"]
[Source "ChessBase"]
[SourceQuality "1"]
[TimeControl "40/5400+30:900+30"]

1. d4 Nf6 2. Nf3 d6 3. c4 g6 4. Nc3 Bg7 5. e4 O-O 6. Be2 e5 7. Be3 Qe7 8. O-O Nbd7 9. Re1 c6 10. Bf1 Rd8 11. d5 Ng4 12. Bg5 f6 13. Bd2 f5 14. exf5 gxf5 15. h3 Ngf6 16. Nd4 Nc5 17. dxc6 Nce4 18. Nxe4 Nxe4 19. cxb7 Qxb7 20. Nb5 a6 21. Nc3 Qxb2 22. Nxe4 fxe4 23. Bg5 Be6 24. Bxd8 Rxd8 25. Qb3 Qd4 26. Qe3 Qb2 27. Rab1 Qxa2 28. Rb7 Rf8 29. Qg3 Bf7 30. Rxe4 Bg6 31. Rg4 Qa1 32. h4 Rf5 33. Rxg6 1-0

[Event "XXXII Belgrade Trophy 2018"]
[Site "Belgrade"]
[Date "2018.11.25"]
[Round "2"]
[White "Sahin, Ozgun"]
[Black "Blagojevic, Dragisa"]
[Result "0-1"]
[ECO "C26"]
[WhiteElo "2208"]
[BlackElo "2494"]
[Annotator "ChessBase"]
[PlyCount "34"]
[EventDate "2018.11.24"]
[EventType "swiss"]
[EventCountry "SRB"]
[SourceTitle "playchess.com"]
[Source "ChessBase"]
[SourceQuality "1"]
[TimeControl "40/5400+30:900+30"]

1. e4 e5 2. Nc3 Nc6 3. g3 Bc5 4. Bg2 a6 5. Nge2 d6 6. O-O Nf6 7. h3 Be6 8. Kh2 h5 9. f4 Ng4+ 10. hxg4 hxg4+ 11. Bh3 Rxh3+ 12. Kg2 Qf6 13. Rh1 exf4 14. Nxf4 g5 15. d4 gxf4 16. dxc5 fxg3 17. Qe2 Qf3+ 0-1

[Event "XXXII Belgrade Trophy 2018"]
[Site "Belgrade"]
[Date "2018.11.25"]
[Round "2"]
[White "Krstonijevic, Stjepan"]
[Black "Lajthajm, Borko"]
[Result "0-1"]
[ECO "B28"]
[WhiteElo "2195"]
[BlackElo "2407"]
[Annotator "ChessBase"]
[PlyCount "46"]
[EventDate "2018.11.24"]
[EventType "swiss"]
[EventCountry "SRB"]
[SourceTitle "playchess.com"]
[Source "ChessBase"]
[SourceQuality "1"]
[TimeControl "40/5400+30:900+30"]

1. e4 c5 2. Nf3 a6 3. b3 d6 4. Bb2 Nc6 5. a4 Bg4 6. h3 Bh5 7. Be2 e6 8. O-O Nf6 9. e5 Nd5 10. exd6 Nf4 11. Nc3 Nxe2+ 12. Qxe2 Nd4 13. Qe4 Bxf3 14. gxf3 Bxd6 15. Qg4 O-O 16. Rfc1 f5 17. Qg2 Rf6 18. Kf1 Rg6 19. Qh1 Bf4 20. Ne2 Nxe2 21. Kxe2 Qxd2+ 22. Kf1 c4 23. bxc4 Qb4 0-1

[Event "XXXII Belgrade Trophy 2018"]
[Site "Belgrade"]
[Date "2018.11.25"]
[Round "2"]
[White "Vulinovic, Radivoje"]
[Black "Rajkovic, Mladen"]
[Result "0-1"]
[ECO "D77"]
[WhiteElo "2163"]
[BlackElo "2355"]
[Annotator "ChessBase"]
[PlyCount "60"]
[EventDate "2018.11.24"]
[EventType "swiss"]
[EventCountry "SRB"]
[SourceTitle "playchess.com"]
[Source "ChessBase"]
[SourceQuality "1"]
[TimeControl "40/5400+30:900+30"]

1. Nf3 d5 2. g3 g6 3. Bg2 Bg7 4. d4 Nf6 5. O-O O-O 6. c4 dxc4 7. Na3 c3 8. bxc3 c5 9. Re1 Nc6 10. Bb2 Qb6 11. Nc4 Qa6 12. Nfe5 Nxe5 13. Nxe5 Nd7 14. Nd3 Rd8 15. Qc2 Qa5 16. Red1 c4 17. Nf4 Nb6 18. e4 Bd7 19. Re1 Ba4 20. Qc1 e5 21. Ne2 Rac8 22. f4 exd4 23. cxd4 c3 24. Ba3 Bxd4+ 25. Nxd4 Rxd4 26. f5 Rd2 27. Rb1 c2 28. Bb4 cxb1=Q 29. Qxb1 Rxg2+ 30. Kxg2 Qe5 0-1

[Event "XXXII Belgrade Trophy 2018"]
[Site "Belgrade"]
[Date "2018.11.27"]
[Round "4"]
[White "Velickovic, Sasa"]
[Black "Abramovic, Bosko"]
[Result "1/2-1/2"]
[ECO "A12"]
[WhiteElo "2293"]
[BlackElo "2372"]
[Annotator "NA"]
[PlyCount "21"]
[EventDate "2018.11.24"]
[EventType "swiss"]
[EventCountry "SRB"]
[SourceTitle "playchess.com"]
[Source "ChessBase"]
[SourceQuality "1"]
[TimeControl "40/5400+30:900+30"]

1. Nf3 Nf6 2. b3 d5 3. Bb2 c6 4. g3 Bf5 5. Bg2 e6 6. d3 h6 7. O-O Be7 8. c4 O-O 9. Nbd2 Nbd7 10. Re1 Bh7 11. a3 1/2-1/2

[Event "XXXII Belgrade Trophy 2018"]
[Site "Belgrade"]
[Date "2018.11.27"]
[Round "4"]
[White "Gunduz, Umut Erdem"]
[Black "Cerovic, Danilo"]
[Result "1/2-1/2"]
[ECO "C11"]
[WhiteElo "2205"]
[BlackElo "2333"]
[Annotator "ChessBase"]
[PlyCount "92"]
[EventDate "2018.11.24"]
[EventType "swiss"]
[EventCountry "SRB"]
[SourceTitle "playchess.com"]
[Source "ChessBase"]
[SourceQuality "1"]
[TimeControl "40/5400+30:900+30"]

1. e4 e6 2. d4 d5 3. Nc3 Nf6 4. e5 Nfd7 5. f4 c5 6. Nf3 Nc6 7. Be3 Be7 8. Qd2 O-O 9. dxc5 Nxc5 10. O-O-O Rb8 11. Kb1 b5 12. Bxc5 Bxc5 13. Bd3 f5 14. exf6 Qxf6 15. Ne2 Nb4 16. Ne5 a5 17. Rhf1 a4 18. Qc3 Bd6 19. Nd4 Nxd3 20. cxd3 a3 21. b4 Qh4 22. g3 Qxh2 23. Nef3 Qh6 24. Nc6 Ra8 25. Nfe5 Bb7 26. Na5 d4 27. Qxd4 Bxe5 28. Qxe5 Bd5 29. Qc3 Qh2 30. Qxa3 Qxg3 31. Qb2 g6 32. Qd2 Rac8 33. Rde1 Rf7 34. Nb3 Bxb3 35. axb3 Qg4 36. Re4 Qf5 37. Rfe1 Qd5 38. Kb2 Rc6 39. Qe3 Rfc7 40. Qd2 Ra6 41. Rc1 Rac6 42. Rxc6 Qxc6 43. Re5 Qb6 44. d4 Qa6 45. Rc5 Ra7 46. Qe1 Qd6 1/2-1/2

[Event "XXXII Belgrade Trophy 2018"]
[Site "Belgrade"]
[Date "2018.11.27"]
[Round "4"]
[White "Vreljanski, Dragomir"]
[Black "Djordjevic, Vuk"]
[Result "0-1"]
[ECO "D03"]
[WhiteElo "2146"]
[BlackElo "2414"]
[Annotator "RC"]
[PlyCount "31"]
[EventDate "2018.11.24"]
[EventType "swiss"]
[EventCountry "SRB"]
[SourceTitle "playchess.com"]
[Source "ChessBase"]
[SourceQuality "1"]
[TimeControl "40/5400+30:900+30"]

1. d4 e6 2. Nf3 Nf6 3. Bg5 d5 4. e3 h6 5. Bh4 Nbd7 6. Nbd2 Be7 7. Bd3 c5 8. c3 b6 9. Ne5 Nxe5 10. dxe5 Nd7 11. Bg3 Bb7 12. O-O c4 13. Bc2 {[%emt 1:11:33] b5Nf3 [%clk 0:52:01] b4 [%clk 0:00:00] Nd4 [%clk 0:00:00] Qb6 [%clk 0:00:00] Qg4 [%clk 0:12:34] Bf8Bg6Be7Bc2 [%clk 0:12:34] Bf8Bg6 [%clk 0:11:42] Nc5cxb4 [%clk 0:00:00] Nd3 [%clk 0:00:00] Nxe6 [%clk 0:00:00] fxg6 [%clk 0:00:00] Qxg6+ [%clk 0:00:00] Kd7 [%clk 0:00:00] Qf7+ [%clk 0:04:28] Be7Nd4 [%clk 0:00:00] Raf8 [%clk 0:00:00] Qxg7 [%clk 0:00:00] Kd8 [%clk 0:00:00] Qg4 [%clk 0:00:00]} Bc8 14. Qe2 h5 15. h4 {[%emt 0:00:00] Bg4 [%clk 0:04:38] f3 [%clk 0:02:28] Bd7 [%clk 0:04:53] a3 [%clk 0:02:00]} Rg8 {[%emt 0:00:00] Be1 [%clk 0:01:27] Bh3 [%clk 0:04:41] g3 [%clk 0:00:50] Bxh4 [%clk 0:04:12]} 16. Kh2 {[%emt 0:00:09] Bxf1 [%clk 0:03:57] Qxf1 [%clk 0:01:09] Nxe1 [%clk 0:04:11] gxh4 [%clk 0:01:15] Qg6 [%clk 0:04:27]} 0-1

[Event "XXXII Belgrade Trophy 2018"]
[Site "Belgrade"]
[Date "2018.11.27"]
[Round "4"]
[White "Vardakas, Stefanos"]
[Black "Pastar, Slaven"]
[Result "0-1"]
[ECO "D02"]
[WhiteElo "1986"]
[BlackElo "2326"]
[Annotator "RC"]
[PlyCount "96"]
[EventDate "2018.11.24"]
[EventType "swiss"]
[EventCountry "SRB"]
[SourceTitle "playchess.com"]
[Source "ChessBase"]
[SourceQuality "1"]
[TimeControl "40/5400+30:900+30"]

1. d4 d5 2. Bf4 Nf6 3. e3 c5 4. c3 Nc6 5. Nf3 Qb6 6. Qb3 c4 7. Qc2 Bf5 8. Qc1 h6 9. h3 e6 10. Nbd2 Qa5 11. Be2 b5 12. a3 Be7 13. O-O O-O 14. Ne5 Qb6 15. g4 Bh7 16. g5 hxg5 17. Bxg5 Qc7 18. Nxc6 Qxc6 19. f4 a5 20. Kh2 b4 21. Rg1 bxc3 22. bxc3 Rfb8 23. Bxf6 Bxf6 24. Bd1 Rb7 25. Bc2 Bd3 26. a4 Rab8 27. Ra2 Rb6 28. Rg2 Qb7 29. Nf3 Bxc2 30. Qxc2 Rb1 31. Qd2 Qb3 32. Kg3 Rd1 33. Qc2 Rd3 34. Rb2 Qxb2 35. Qxb2 Rxb2 36. Rxb2 Rxe3 37. Rc2 Bh4+ 38. Kxh4 Rxf3 39. Kg4 Re3 40. f5 exf5+ 41. Kxf5 Rxh3 42. Ke5 Rh5+ 43. Kd6 Rf5 44. Rb2 g5 45. Rb5 g4 46. Rb2 g3 47. Kc5 Rg5 48. Rg2 Kg7 0-1

[Event "XXXII Belgrade Trophy 2018"]
[Site "Belgrade"]
[Date "2018.11.28"]
[Round "5"]
[White "Atakisi, Umut"]
[Black "Sahin, Ozgun"]
[Result "1-0"]
[ECO "A41"]
[WhiteElo "2398"]
[BlackElo "2208"]
[Annotator "ChessBase"]
[PlyCount "85"]
[EventDate "2018.11.24"]
[EventType "swiss"]
[EventCountry "SRB"]
[SourceTitle "playchess.com"]
[Source "ChessBase"]
[SourceQuality "1"]
[TimeControl "40/5400+30:900+30"]

1. d4 d6 2. g3 Nd7 3. Bg2 g6 4. Nf3 Bg7 5. O-O e5 6. dxe5 dxe5 7. Nc3 Ne7 8. e4 O-O 9. b3 b6 10. a4 a5 11. Ba3 Nc5 12. Bxc5 bxc5 13. Qxd8 Rxd8 14. Rfd1 Bg4 15. Nb5 f5 16. Nxc7 Rxd1+ 17. Rxd1 Rc8 18. Nd5 Nxd5 19. Rxd5 c4 20. h3 cxb3 21. cxb3 fxe4 22. hxg4 exf3 23. Bxf3 Rc1+ 24. Kg2 Re1 25. Rd8+ Bf8 26. Bd5+ Kg7 27. g5 Rd1 28. Kf3 Rd4 29. Ke2 Rg4 30. Rd7+ Kh8 31. Ra7 Rxg5 32. Rxa5 Rg4 33. Rb5 Rb4 34. Rxb4 Bxb4 35. Kd3 Kg7 36. Kc4 Be1 37. b4 Bxf2 38. a5 Kf6 39. Kb5 e4 40. Kc6 Bxg3 41. b5 e3 42. Bf3 h5 43. a6 1-0

[Event "XXXII Belgrade Trophy 2018"]
[Site "Belgrade"]
[Date "2018.11.28"]
[Round "5"]
[White "Tsaknakis, Zisis"]
[Black "Kadric, Denis"]
[Result "0-1"]
[ECO "B06"]
[WhiteElo "2229"]
[BlackElo "2554"]
[Annotator "RC"]
[PlyCount "70"]
[EventDate "2018.11.24"]
[EventType "swiss"]
[EventCountry "SRB"]
[SourceTitle "playchess.com"]
[Source "ChessBase"]
[SourceQuality "1"]
[TimeControl "40/5400+30:900+30"]

1. e4 g6 2. d4 Bg7 3. Nf3 d6 4. Bc4 Nf6 5. Qe2 Nc6 6. h3 O-O 7. O-O Nd7 8. c3 e5 9. Bg5 Qe8 10. Qe3 Nb6 11. Bb3 Na5 12. Nbd2 Nxb3 13. axb3 f5 14. dxe5 dxe5 15. exf5 gxf5 16. Rfe1 e4 17. Ra5 c6 18. c4 Nd7 19. g4 c5 20. gxf5 b6 21. Raa1 Bb7 22. Qf4 Qh5 23. Nh4 h6 24. Be7 Rf7 25. Bd6 Bxb2 26. Ra2 Rg7+ 27. Kh2 Bf6 28. Ng6 Bg5 29. Qg3 Nf6 30. Nf1 Bc8 31. Ne7+ Kh7 32. Nxc8 Rxc8 33. Kh1 Rcg8 34. Qh2 Bf4 35. Bxf4 Qf3+ 0-1

[Event "XXXII Belgrade Trophy 2018"]
[Site "Belgrade"]
[Date "2018.11.28"]
[Round "5"]
[White "Ivanovic, Marko"]
[Black "Galiot, Goran"]
[Result "0-1"]
[ECO "B07"]
[WhiteElo "2202"]
[BlackElo "2305"]
[Annotator "RC"]
[PlyCount "73"]
[EventDate "2018.11.24"]
[EventType "swiss"]
[EventCountry "SRB"]
[SourceTitle "playchess.com"]
[Source "ChessBase"]
[SourceQuality "1"]
[TimeControl "40/5400+30:900+30"]

1. d4 Nf6 2. Bf4 g6 3. Nc3 Bg7 4. e4 O-O 5. Qd2 d6 6. O-O-O Nc6 7. f3 Nh5 8. Bh6 e5 9. Bxg7 Nxg7 10. d5 Ne7 11. h4 f5 12. Nh3 f4 13. Bd3 Bxh3 14. Rxh3 Nh5 15. Ne2 Kh8 16. Kb1 Ng8 17. c4 Ngf6 18. c5 dxc5 19. Qc3 Qe7 20. Rc1 b6 21. Bb5 a5 22. Rc2 Rf7 23. Nc1 Qd6 24. Nd3 Re7 25. b3 Rg8 26. Nb2 Ne8 27. Rh1 Qf6 28. Bxe8 Rgxe8 29. Nc4 Ng7 30. d6 cxd6 31. Nxb6 Rb7 32. Qxa5 Ne6 33. Nd5 Qf7 34. Qc3 Nd4 35. Rb2 Reb8 36. Rc2 h5 {gxh5 Rc1 h4 Rh1 Qxh5 gxh3} 37. Rh2 {Rxh2 Qxh2 b4} 0-1

[Event "XXXII Belgrade Trophy 2018"]
[Site "Belgrade"]
[Date "2018.11.28"]
[Round "5"]
[White "Brankovic, Vladislav"]
[Black "Chelushkina, Irina"]
[Result "1-0"]
[ECO "B22"]
[WhiteElo "2108"]
[BlackElo "2286"]
[Annotator "RC"]
[PlyCount "49"]
[EventDate "2018.11.24"]
[EventType "swiss"]
[EventCountry "SRB"]
[SourceTitle "playchess.com"]
[Source "ChessBase"]
[SourceQuality "1"]
[TimeControl "40/5400+30:900+30"]

1. e4 c5 2. Nf3 e6 3. c3 Nf6 4. e5 Nd5 5. d4 cxd4 6. cxd4 Nc6 7. Nc3 d6 8. Bb5 Nxc3 9. bxc3 Bd7 10. exd6 Bxd6 11. O-O O-O 12. Qe2 Qc7 13. a4 Rfe8 14. Ba3 Bxa3 15. Rxa3 e5 16. d5 Na5 17. c4 Bxb5 18. cxb5 Rad8 19. Qe4 Qd7 20. Ng5 f5 21. Qh4 h6 22. Ne6 Qd6 23. Rg3 Rd7 24. Qxh6 {[%emt 0:00:30] Ree7Qg6 [%clk 0:00:00]} Qxd5 25. Nxg7 1-0

[Event "XXXII Belgrade Trophy 2018"]
[Site "Belgrade"]
[Date "2018.11.30"]
[Round "7"]
[White "Dimitrijeski, Boris"]
[Black "Gunduz, Umut Erdem"]
[Result "0-1"]
[ECO "A70"]
[WhiteElo "2232"]
[BlackElo "2205"]
[Annotator "ChessBase"]
[PlyCount "84"]
[EventDate "2018.11.24"]
[EventType "swiss"]
[EventCountry "SRB"]
[SourceTitle "playchess.com"]
[Source "ChessBase"]
[SourceQuality "1"]
[TimeControl "40/5400+30:900+30"]

1. d4 Nf6 2. c4 c5 3. d5 e6 4. Nc3 exd5 5. cxd5 d6 6. Nf3 g6 7. Qa4+ Bd7 8. Qb3 Qc7 9. e4 Bg7 10. Bc4 O-O 11. O-O Re8 12. e5 Ng4 13. exd6 Qc8 14. Bf4 a6 15. a4 Bf5 16. Rfe1 Nf6 17. h3 h6 18. Re7 Nbd7 19. Nh4 Bf8 20. Nxf5 gxf5 21. Rae1 Qd8 22. Rxe8 Nxe8 23. Nd1 Ndf6 24. Qg3+ Kh8 25. Qh4 Ne4 26. Qh5 N8xd6 27. Bxh6 Nf6 28. Qh4 Nh7 29. Qxd8 Rxd8 30. Bxf8 Nxf8 31. Bb3 b5 32. axb5 axb5 33. Ne3 c4 34. Bc2 f4 35. Ng4 Nd7 36. Ra1 Kg7 37. Ra6 Nc5 38. Rc6 Nd3 39. Bxd3 cxd3 40. Rc1 Nc4 41. f3 Rxd5 42. Nf2 d2 0-1

[Event "XXXII Belgrade Trophy 2018"]
[Site "Belgrade"]
[Date "2018.11.30"]
[Round "7"]
[White "Uysal, Burak"]
[Black "Olcum, Ahmet"]
[Result "1-0"]
[ECO "B13"]
[WhiteElo "2215"]
[BlackElo "2326"]
[Annotator "ChessBase"]
[PlyCount "185"]
[EventDate "2018.11.24"]
[EventType "swiss"]
[EventCountry "SRB"]
[SourceTitle "playchess.com"]
[Source "ChessBase"]
[SourceQuality "1"]
[TimeControl "40/5400+30:900+30"]

1. e4 g6 2. d4 Bg7 3. Nf3 c6 4. h3 d6 5. Bc4 d5 6. exd5 cxd5 7. Bd3 Nc6 8. c3 Qc7 9. O-O Nf6 10. Re1 O-O 11. Nbd2 Bf5 12. Bf1 Rad8 13. Nb3 Ne4 14. Nh4 Bc8 15. Nd2 f5 16. Nhf3 Kh8 17. Bb5 h6 18. Bxc6 bxc6 19. Ne5 Bxe5 20. dxe5 f4 21. Qe2 g5 22. Nxe4 dxe4 23. e6 e3 24. Qf3 exf2+ 25. Qxf2 Rd3 26. Be3 c5 27. Bxc5 f3 28. Bd4+ Kg8 29. Re5 Bb7 30. Rf1 Rf4 31. g3 Re4 32. Re1 Rxe1+ 33. Qxe1 f2+ 34. Qxf2 Rf3 35. Qc2 Rxg3+ 36. Kf1 Ba6+ 37. Kf2 Rd3 38. Qa4 Qc8 39. Rf5 Qb8 40. Re5 Qf8+ 41. Ke1 Bb7 42. Qb5 Rxh3 43. Qxb7 Qf4 44. Qa8+ Kh7 45. Qe4+ Qxe4+ 46. Rxe4 Rh1+ 47. Kd2 h5 48. c4 h4 49. Bf6 Kg6 50. Bxe7 h3 51. Bd6 h2 52. Bxh2 Rxh2+ 53. Re2 Rh8 54. Ke3 Kf6 55. Kf3 Ke7 56. Kg4 Rh4+ 57. Kxg5 Rxc4 58. Kf5 Rc5+ 59. Kf4 Rc6 60. Kf3 a5 61. b3 a4 62. Re4 axb3 63. axb3 Rb6 64. Re3 Rb4 65. Ke2 Rd4 66. Rd3 Re4+ 67. Re3 Rd4 68. Rd3 Re4+ 69. Kd2 Kxe6 70. Kc3 Re5 71. Kb4 Re4+ 72. Ka5 Re1 73. b4 Rb1 74. b5 Ra1+ 75. Kb6 Ke7 76. Kb7 Rb1 77. b6 Rb2 78. Rd1 Rb3 79. Rd5 Ke6 80. Rd4 Ke5 81. Rd8 Ke6 82. Rd2 Rb1 83. Kc7 Rc1+ 84. Kb8 Rb1 85. Ka7 Ra1+ 86. Kb8 Rb1 87. b7 Ra1 88. Rd4 Ke5 89. Rc4 Kd5 90. Rc2 Rh1 91. Kc7 Rh7+ 92. Kb6 Rh6+ 93. Ka7 1-0

[Event "XXXII Belgrade Trophy 2018"]
[Site "Belgrade"]
[Date "2018.11.30"]
[Round "7"]
[White "Cetkovic, Miodrag"]
[Black "Galiot, Goran"]
[Result "1-0"]
[ECO "B45"]
[WhiteElo "2189"]
[BlackElo "2305"]
[Annotator "RC"]
[PlyCount "63"]
[EventDate "2018.11.24"]
[EventType "swiss"]
[EventCountry "SRB"]
[SourceTitle "playchess.com"]
[Source "ChessBase"]
[SourceQuality "1"]
[TimeControl "40/5400+30:900+30"]

1. e4 c5 2. Nf3 e6 3. d4 cxd4 4. Nxd4 Nf6 5. Nc3 Nc6 6. Be2 Bb4 7. O-O O-O 8. Nxc6 bxc6 9. e5 Nd5 10. Nxd5 cxd5 11. Be3 Qc7 12. c3 Be7 13. Bd4 f6 14. f4 fxe5 15. fxe5 Rxf1+ 16. Bxf1 Qc6 17. a4 Ba6 18. b4 Bxf1 19. Qxf1 a6 20. Qe2 Rb8 21. h3 Ra8 22. Kh1 Rb8 23. g3 Ra8 24. Kh2 Rb8 25. h4 Rb7 26. Kh3 Rb8 27. g4 Rb7 28. g5 Rb8 29. Kg4 Bxb4 30. Rb1 Bd6 31. exd6 Qxd6 32. Be5 1-0

[Event "XXXII Belgrade Trophy 2018"]
[Site "Belgrade"]
[Date "2018.11.30"]
[Round "7"]
[White "Maric, Dragan"]
[Black "Abramovic, Bosko"]
[Result "0-1"]
[ECO "E12"]
[WhiteElo "2174"]
[BlackElo "2372"]
[Annotator "RC"]
[PlyCount "126"]
[EventDate "2018.11.24"]
[EventType "swiss"]
[EventCountry "SRB"]
[SourceTitle "playchess.com"]
[Source "ChessBase"]
[SourceQuality "1"]
[TimeControl "40/5400+30:900+30"]

1. d4 Nf6 2. Nf3 e6 3. c4 b6 4. Nc3 Bb7 5. Bg5 Be7 6. e3 h6 7. Bh4 Ne4 8. Bxe7 Qxe7 9. Bd3 Nxc3 10. bxc3 d6 11. e4 Nd7 12. O-O e5 13. Re1 O-O 14. Rb1 Rfe8 15. Nd2 Nf8 16. Nf1 Ne6 17. Bc2 Qf6 18. d5 Nc5 19. Re3 Bc8 20. Rg3 Bd7 21. Ne3 g6 22. Ng4 Qf4 23. Qf3 Qxf3 24. gxf3 Kg7 25. Ne3 h5 26. h4 Kf6 27. Kf1 a6 28. Ke2 b5 29. Kd2 Reb8 30. Rgg1 Rb7 31. Rb2 Rab8 32. Rgb1 bxc4 33. Rxb7 Rxb7 34. Rxb7 Nxb7 35. Nxc4 g5 36. Ke3 gxh4 37. f4 h3 38. fxe5+ dxe5 39. Kf3 h4 40. Ne3 Nc5 41. Nf1 c6 42. c4 cxd5 43. cxd5 Kg5 44. Nh2 f5 45. Ke3 fxe4 46. Bxe4 Nxe4 47. Kxe4 Kf6 48. f4 Bf5+ 49. Ke3 e4 50. a3 Ke7 51. Kd4 Kd6 52. Nf1 Bg6 53. Nh2 e3 54. Kxe3 Kxd5 55. Kf3 Bf5 56. Nf1 Kd4 57. Nh2 Kc3 58. Kf2 Kb2 59. a4 a5 60. Nf3 Be4 61. Ke3 Bc2 62. Kf2 Bxa4 63. Nxh4 Bb3 0-1

[Event "XXXII Belgrade Trophy 2018"]
[Site "Belgrade"]
[Date "2018.12.01"]
[Round "8"]
[White "Petrov, Marian"]
[Black "Graovac, Vidak Balsa"]
[Result "1/2-1/2"]
[ECO "C02"]
[WhiteElo "2488"]
[BlackElo "2155"]
[Annotator "RC"]
[PlyCount "51"]
[EventDate "2018.11.24"]
[EventType "swiss"]
[EventCountry "SRB"]
[SourceTitle "playchess.com"]
[Source "ChessBase"]
[SourceQuality "1"]
[TimeControl "40/5400+30:900+30"]

1. e4 e6 2. d4 d5 3. e5 c5 4. c3 Qb6 5. Nf3 Bd7 6. Be2 cxd4 7. cxd4 Bb5 8. Nc3 Bxe2 9. Nxe2 Ne7 10. O-O Nec6 11. Ng3 h6 12. Be3 Nd7 13. Rb1 Qa6 14. a3 Na5 15. Nd2 Be7 16. b4 Nc4 17. Nxc4 Qxc4 18. f4 g6 19. Qf3 Qa6 20. b5 Qxa3 21. Ra1 Qd3 22. Rfd1 Qxb5 23. Rdb1 Qc6 24. Rc1 Qb5 25. Rab1 Qa6 26. Ra1 1/2-1/2

[Event "XXXII Belgrade Trophy 2018"]
[Site "Belgrade"]
[Date "2018.12.01"]
[Round "8"]
[White "Abramovic, Bosko"]
[Black "Lajthajm, Borko"]
[Result "1/2-1/2"]
[ECO "A20"]
[WhiteElo "2372"]
[BlackElo "2407"]
[Annotator "NA"]
[PlyCount "30"]
[EventDate "2018.11.24"]
[EventType "swiss"]
[EventCountry "SRB"]
[SourceTitle "playchess.com"]
[Source "ChessBase"]
[SourceQuality "1"]
[TimeControl "40/5400+30:900+30"]

1. g3 Nf6 2. Bg2 e5 3. c4 c6 4. d3 Bb4+ 5. Bd2 a5 6. Nf3 Bxd2+ 7. Nbxd2 d6 8. O-O Bg4 9. c5 Bxf3 10. Nxf3 Na6 11. cxd6 Qxd6 12. Qc2 O-O 13. Rac1 Nb4 14. Qb1 Rfe8 15. a3 Nbd5 1/2-1/2

[Event "XXXII Belgrade Trophy 2018"]
[Site "Belgrade"]
[Date "2018.12.01"]
[Round "8"]
[White "Dimic, Pavle"]
[Black "Maric, Dragan"]
[Result "1-0"]
[ECO "E12"]
[WhiteElo "2348"]
[BlackElo "2174"]
[Annotator "NA"]
[PlyCount "47"]
[EventDate "2018.11.24"]
[EventType "swiss"]
[EventCountry "SRB"]
[SourceTitle "playchess.com"]
[Source "ChessBase"]
[SourceQuality "1"]
[TimeControl "40/5400+30:900+30"]

1. d4 Nf6 2. Nf3 e6 3. c4 b6 4. a3 d5 5. Nc3 Bb7 6. Bg5 Be7 7. Bxf6 Bxf6 8. cxd5 exd5 9. Qa4+ {[%emt 0:00:00] E12: Queen's Indian: Unusual White 4th moves, 4 a3, 4 Nc3 Bb7 5 a3 and 4 Nc3 Bb7} Nd7 10. g3 O-O 11. Bh3 Nb8 12. O-O Re8 13. Rad1 $146 ({Predecessor:} 13. Rfd1 Na6 14. Bd7 {0-1 (44) Kozul,Z (2597)-Almasi,Z (2707) Bastia 2013}) 13... c6 14. Rfe1 b5 15. Qc2 Nd7 16. e4 Nb6 17. e5 Be7 18. e6 g6 {[%emt 0:01:09] [#]} 19. Ne5 $1 ({Weaker is} 19. exf7+ Kxf7 20. a4 bxa4 $16) 19... f5 20. Nf7 Qb8 {[%emt 0:07:26] [#]} 21. Bxf5 $18 gxf5 22. Qxf5 Nc4 23. Qg4+ Kf8 24. Nh6 1-0